 Dungeon Crawl Stone Soup version 0.22-a0-77-g0fd0111 (webtiles) character file.

49 shenanigans the Slasher (level 3, 0/30 HPs)
             Began as a Barachi Monk on Jan 14, 2018.
             Killed by divine providence
             ... invoked by an orc priest
              (12 damage)
             ... on level 2 of the Dungeon.
             The game lasted 00:03:56 (1692 turns).

shenanigans the Slasher (Barachi Monk)              Turns: 1692, Time: 00:03:56

Health: 0/30       AC:  3    Str: 12    XL:     3   Next: 77%
Magic:  3/3        EV: 14    Int: 11    God:
Gold:   71         SH:  0    Dex: 14    Spells: 2/2 levels left

rFire    . . .     SeeInvis .   a - +0 falchion
rCold    . . .     Gourm    .   (no shield)
rNeg     . . .     Faith    .   b - +0 robe
rPois    .         Spirit   .   o - +0 helmet
rElec    .         Reflect  .   (no cloak)
rCorr    .         Harm     .   (no gloves)
MR       .....                  (no boots)
Stlth    ++........             (no amulet)
HPRegen  0.10/turn              (no ring)
MPRegen  0.08/turn              (no ring)

@: slow
A: +LOS, swims, slowness 1, strong legs 1
a: Hop


You were on level 2 of the Dungeon.
You were very hungry.

You visited 1 branch of the dungeon, and saw 3 of its levels.

You collected 71 gold pieces.

Inventory:

Hand Weapons
 a - a +0 falchion (weapon)
Missiles
 f - 8 tomahawks (quivered)
Armour
 b - a +0 robe (worn)
 o - a +0 helmet (worn)
Scrolls
 e - a scroll of identify {unknown}
 g - 2 scrolls of remove curse
 h - a scroll of teleportation {unknown}
 i - a scroll of noise {unknown}
 k - a scroll of enchant weapon {unknown}
 n - a scroll of amnesia {unknown}
Potions
 d - 2 potions of curing {unknown}
 j - 3 potions of degeneration {unknown}
Comestibles
 c - 4 rations


   Skills:
 + Level 4.1 Fighting
 + Level 4.2 Long Blades
 + Level 1.6 Armour
 + Level 3.8 Dodging
 - Level 1.7 Stealth


You had 2 spell levels left.
You didn't know any spells.

Dungeon Overview and Level Annotations

Branches:
Dungeon (3/15)

Altars:


Innate Abilities, Weirdness & Mutations

Shadows flee at your approach. (+LOS)
You can swim through water.
You cover ground slowly.
You can hop short distances.


Message History

The hobgoblin hits you but does no damage.
You closely miss the orc priest.
The orc priest is moderately wounded.
The orc priest hits you with a dagger!
The hobgoblin hits you but does no damage.
Unknown command.
You hit the orc priest.
The orc priest is moderately wounded.
The orc priest closely misses you. The hobgoblin closely misses you.
You riposte.
You barely miss the hobgoblin.
The hobgoblin is severely wounded.
You hit the orc priest.
The orc priest is heavily wounded.
The orc priest hits you with a dagger. The hobgoblin barely misses you.
Unknown command.
You barely miss the orc priest.
The orc priest is heavily wounded.
The orc priest invokes the aid of Beogh against you.
Beogh smites you!
You die...

#.#.#.# #.....# #.
..#...# #.#.### #.
#.....# #.#.# #.
..#...#######.#.##
#######.
..#.#............#
#.......
#...#.........#..#
#.######
.......#####..#..###
##.# ###.##.#
#.......# #..#
#.##.# #...o@..#
#.## #.##.#
#....g..######.##
###.##.#
#...............#
.......#
#.......######..#
###.#..# #.......#
#..# #.#..#
#.......# #..######
#.#..# ##.#..###
#.......#
#.#..######.#..#
##.####.#
##>#......(....<#
#.# #.#


You could see an orc priest and a hobgoblin.

Vanquished Creatures
  An ooze (D:2)
  2 worms (D:2)
  A dart slug (D:1)
  5 bats
  A giant cockroach (D:2)
  3 goblins
  7 hobgoblins
  3 jackals (D:1)
  2 frilled lizards
  5 kobolds
  6 rats
36 creatures vanquished.

Notes
Turn   | Place    | Note
-------+----------+-------------------------------------------
     0 | D:1      | shenanigans the Barachi Monk began the quest for the Orb.
     0 | D:1      | Reached XP level 1. HP: 18/18 MP: 1/1
   101 | D:1      | Reached XP level 2. HP: 21/25 MP: 2/2
   333 | D:1      | Reached skill level 1 in Armour
   717 | D:1      | Reached XP level 3. HP: 30/30 MP: 3/3
  1692 | D:2      | Killed from afar by an orc priest

Vault maps used:
D:1:      dpeg_chamrin_arrival_tetris
D:3:      gammafunk_steamed_eel, uniq_robin

Skill      XL: |  1  2 |
---------------+-------+-----
Armour         | 1 |  1.6
Long Blades    | 4 |  4.2
Fighting       | 4 |  4.1
Dodging        | |  3.8
Stealth        | |  1.7

Action                   || total
-------------------------++-------
Melee: Falchion          ||   106
  Use: Scroll            ||     1
 Stab: Sleeping          ||     8
  Eat: Chunk             ||     2
Armor: Robe              ||    14
Dodge: Dodged            ||    70
       Rpst.: Falchion   ||    23

Table legend:
 A = Spawn XP
 B = Non-spawn XP
 C = Spawn XP percentage of total XP
 D = Spawn monster count
 E = Non-spawn monster count
 F = Spawn count percentage of total count
 G = Total turns spent on level
                    A         B        C        D         E        F      G
               +---------+---------+-------+---------+---------+-------+---------
         Total |       0 |      71 |   0.0 |       0 |      36 |   0.0 |  1692
               +---------+---------+-------+---------+---------+-------+---------
           D:1 |       0 |      37 |   0.0 |       0 |      22 |   0.0 |   890
           D:2 |       0 |      34 |   0.0 |       0 |      14 |   0.0 |   794
               +---------+---------+-------+---------+---------+-------+---------
